 Dungeon Crawl Stone Soup version 0.31-a0-36-g603a1083af (webtiles) character file.

Game seed: 10895349048938653883

3081 Bennjico the Fighter (level 9, -38/81 HPs)
             Began as a Minotaur Fighter on May 14, 2023.
             Annihilated by an enormous slime creature (63 damage)
             ... on level 8 of the Dungeon.
             The game lasted 00:09:05 (5936 turns).

Bennjico the Fighter (Minotaur Fighter)             Turns: 5936, Time: 00:09:05

Health: -38/81     AC: 10    Str: 24    XL:     9   Next: 58%
Magic:  8/8        EV: 17    Int:  5    God:
Gold:   456        SH:  5    Dex: 11    Spells: 8/8 levels left

rFire   . . .        k - +9 war axe (freeze)
rCold   . . .        c - +0 buckler
rNeg    . . .        b - +0 scale mail
rPois   .            (helmet restricted)
rElec   .            (no cloak)
rCorr   .            C - +1 pair of gloves
SInv    +            (no boots)
Will    .....        (no amulet) Stlth
                     h - ring of see invisible
HPRegen 0.33/turn    r - +5 ring of evasion
MPRegen 0.11/turn

%: no passive effects
@: no status effects
A: horns 2, retaliatory headbutt
a: no special abilities


You were on level 8 of the Dungeon.
You visited 1 branch of the dungeon, and saw 8 of its levels.

You collected 506 gold pieces.
You spent 50 gold pieces at shops.

Inventory:

Hand Weapons
 a - a +1 war axe
 k - a +9 war axe of freezing (weapon)
Missiles
 u - a throwing net (quivered)
Armour
 b - a +0 scale mail (worn)
 c - a +0 buckler (worn)
 C - a +1 pair of gloves (worn)
Jewellery
 h - a ring of see invisible (left hand)
 j - a +6 ring of dexterity
 r - a +5 ring of evasion (right hand)
Wands
 g - a wand of polymorph (13)
 x - a wand of charming (6)
 y - a wand of flame (33)
Scrolls
 i - 2 scrolls of enchant armour
 l - 4 scrolls of teleportation
 m - a scroll of blinking
 o - 3 scrolls of fear
 p - a scroll of fog
Potions
 d - 5 potions of might
 e - 4 potions of curing
 s - a potion of magic
 t - a potion of ambrosia {unknown}
 v - a potion of haste {unknown}
 z - 2 potions of flight
 B - 3 potions of heal wounds


   Skills:
 + Level 8.1 Fighting
 + Level 7.5 Axes
 + Level 8.1 Armour
 + Level 6.3 Dodging
 + Level 8.1 Shields


You had 8 spell levels left.
You didn't know any spells.
Your spell library contained the following spells:

 Spells                   Type           Power      Damage    Failure   Level
 Freeze                   Ice            0%         1d3       80%         1
 Shock                    Conj/Air       0%         1d3       80%         1
 Blink                    Tloc           0%         N/A       90%         2
 Cigotuvi's Dreadful Rot  Necr/Pois/Air  0%         N/A       90%         2
 Frozen Ramparts          Ice            0%         1d1       99%         3
 Hailstorm                Conj/Ice       0%         3d3       99%         3
 Swiftness                Air            0%         N/A       99%         3
 Airstrike                Air            0%         2d(0-16)  100%        4
 Dispel Undead            Necr           0%         3d6       100%        4
 Manifold Assault         Tloc           0%         N/A       100%        4
 Death Channel            Necr           0%         N/A       100%        6
 Storm Form               Tmut/Air       0%         N/A       100%        7


Dungeon Overview and Level Annotations

Branches:
Dungeon (8/15)             Temple (0/1) D:7
   Lair: D:8-11

Altars:
Ashenzari
Cheibriados
Gozag
Ru
Uskayaw
Xom
Zin
The Shining One

Shops:
D:7 [:!

Annotations:
D:4 1 runed translucent door, Shaidar's ghost, amateur HOBe


Innate Abilities, Weirdness & Mutations

You have a pair of horns on your head.
You reflexively headbutt those who attack you in melee.


Message History

A slime creature comes into view. 3 slime creatures and a jelly come into view.
The slime creature quivers. x2; The jelly quivers.
The slime creature hits you!
Two slime creatures merge to form a large slime creature.
You slash the large slime creature! You freeze the large slime creature.
You headbutt the large slime creature.
The large slime creature is lightly wounded.
Unknown command.
The large slime creature barely misses you.
Two slime creatures merge to form a large slime creature.
You hit the large slime creature. You freeze the large slime creature.
The large slime creature is moderately wounded.
A large slime creature splits.
Two slime creatures merge to form a very large slime creature.
Unknown command.
You hit the slime creature. You freeze the slime creature.
The slime creature is moderately wounded.
You slash the slime creature! You freeze the slime creature.
The slime creature closely misses you. You furiously retaliate!
You headbutt the slime creature!
A very large slime creature splits.
The slime creature hits you but does no damage.
Unknown command.
You slash the slime creature! You freeze the slime creature.
You headbutt the slime creature!
The slime creature is almost dead.
You hit the slime creature. You freeze the slime creature.
The slime creature hits you but does no damage.
Two slime creatures merge to form a very large slime creature.
The slime creature barely misses you.
Two slime creatures merge to form an enormous slime creature.
You slash the enormous slime creature! You freeze the enormous slime creature.
You headbutt the enormous slime creature!
The enormous slime creature is moderately wounded.
You slash the slime creature! You freeze the slime creature.
The enormous slime creature hits you!!!
Ouch! That really hurt!
The slime creature hits you. The enormous slime creature hits you!!!
Ouch! That really hurt!
You die...

#.#...
#.#..#
#.#..#
#.#J.#
#.#..#
#.#..####
#.#.....#
##JJJ.#
#.@####
#....#
#...##.#
...## #.#
.# #.#
#.# #..
...


You could see an enormous slime creature, a slime creature and a jelly.

Vanquished Creatures
  Grinder (D:4)
  A wraith (D:7)
  A water moccasin (D:7)
  Pargi (D:3)
  An orc warrior (D:6)
  3 black bears
  3 ogres
  A centaur (D:5)
  2 phantoms
  Blork the orc (D:6)
  A gnoll sergeant (D:7)
  6 scorpions
  3 wights (D:6)
  10 killer bees
  2 jellies
  An orc priest (D:7)
  2 hounds (D:5)
  2 orc wizards (D:7)
  A gnoll bouda (D:7)
  5 iguanas
  9 gnolls (D:7)
  7 adders
  A white imp (D:6)
  2 ufetubi
  A dart slug (D:5)
  17 orcs
  9 ball pythons
  3 endoplasms (D:2)
  2 giant cockroaches
  7 goblins
  6 hobgoblins
  5 jackals
  4 quokkas
  6 bats
  4 frilled lizards
  4 kobolds
  3 rats
138 creatures vanquished.

Notes
Turn   | Place    | Note
-------+----------+-------------------------------------------
     0 | D:1      | Bennjico the Minotaur Fighter began the quest for the Orb.
     0 | D:1      | Reached XP level 1. HP: 19/19 MP: 0/0
   229 | D:1      | Reached XP level 2. HP: 27/27 MP: 1/1
   760 | D:2      | Found a faded altar of an unknown god.
   813 | D:2      | Reached skill level 1 in Dodging
   913 | D:2      | Reached XP level 3. HP: 33/33 MP: 2/2
  1634 | D:3      | Reached XP level 4. HP: 40/40 MP: 3/3
  1854 | D:3      | Found a glowing silver altar of Zin.
  1854 | D:3      | Noticed an angel
  1933 | D:3      | Found a broken altar of Ashenzari.
  1940 | D:3      | Noticed Pargi
  1950 | D:3      | Killed Pargi
  1951 | D:3      | Reached XP level 5. HP: 34/47 MP: 4/4
  2083 | D:4      | Noticed Grinder
  2086 | D:4      | Paralysed by Grinder for 3 turns
  2095 | D:4      | Paralysed by Grinder for 2 turns
  2220 | D:4      | Killed Grinder
  2221 | D:4      | Reached skill level 5 in Fighting
  2221 | D:4      | Reached skill level 5 in Armour
  2221 | D:4      | Reached skill level 5 in Shields
  2221 | D:4      | Reached XP level 6. HP: 35/56 MP: 5/5
  2453 | D:4      | Reached XP level 7. HP: 34/61 MP: 6/6
  2625 | D:4      | Identified the +1 robe "Xocurgh" {Int+3 Dex+4 Slay-5}
  2787 | D:4      | Found a runed translucent door.
  3111 | D:4      | Noticed Shaidar's ghost (amateur HOBe)
  3159 | D:5      | Entered Level 5 of the Dungeon
  3167 | D:5      | Reached skill level 5 in Axes
  3170 | D:5      | Found a sacrificial altar of Ru.
  3237 | D:5      | Found a glowing golden altar of the Shining One.
  3366 | D:5      | Found an opulent altar of Gozag.
  3599 | D:5      | Reached XP level 8. HP: 70/70 MP: 7/7
  3937 | D:6      | Noticed Blork the orc
  3947 | D:6      | Killed Blork the orc
  4029 | D:6      | Found a shimmering altar of Xom.
  4176 | D:6      | Reached skill level 5 in Dodging
  4444 | D:6      | Found a hide-covered altar of Uskayaw.
  4765 | D:6      | Found a snail-covered altar of Cheibriados.
  4938 | D:7      | Reached XP level 9. HP: 79/79 MP: 8/8
  4941 | D:7      | Found Riyzie's Armour Boutique.
  5195 | D:7      | Found a staircase to the Ecumenical Temple.
  5210 | D:7      | Found Fudeos's Book Shoppe.
  5424 | D:7      | Identified the +3 dagger of Guepluv {freeze, Dex+2}
  5465 | D:7      | Found Xuygaug's Distillery.
  5468 | D:7      | Bought a potion of heal wounds for 50 gold pieces
  5936 | D:8      | Annihilated by an enormous slime creature

Illustrated notes

Levels and vault maps discovered:
D:1:      psy_arrival_dodecagon, layout_basic, serial_bayou_ford_a,
          corexii_leaking_fountain
D:2:      minmay_alternating_diamond, layout_basic, basic_ecumenical_altar
D:3:      layout_basic, mainiacjoe_overflow_concentric_impassable, zin_angel,
          uniq_pargi
D:4:      layout_loops_ring, ebering_ghost_reflecting_pool, uniq_grinder
D:5:      layout_loops_cross, grunt_temple_overflow_open, lemuel_crystal_altar,
          kennysheep_generic_room_5
D:6:      layout_rooms, xom_teletrap_fun, mainiacjoe_overflow_alcove_4,
          lemuel_coloured_pillars_altar, uniq_blork_the_orc
D:7:      layout_gridville, minmay_temple_entry_from_below_b, serial_shops,
          nicolae_shop_crystal, shop_fountains, shop
D:8:      layout_basic, tgw_trog, gammafunk_ghost_spectres

Skill      XL: |  1  2  3  4  5  6  7  8  9 |
---------------+----------------------------+-----
Dodging        | 1 2 3 4 5 6 |  6.3
Armour         | 4 5 6 7 8 |  8.1
Fighting       | 4 5 6 7 8 |  8.1
Shields        | 4 5 6 7 8 |  8.1
Axes           | 3 4 5 6 7 |  7.5

Action                     |  1- 3 |  4- 6 |  7- 9 || total
---------------------------+-------+-------+-------++-------
  Melee: War axe           |    76 |    41 |   196 ||   313
         Headbutt          |    13 |     8 |    38 ||    59
    Use: Scroll            |       |     1 |    24 ||    25
         Potion            |       |       |     1 ||     1
 Armour: Scale mail        |    26 |    22 |    61 ||   109
  Dodge: Dodged            |    45 |    32 |   195 ||   272
  Block: Buckler           |    13 |    12 |    62 ||    87

Table legend: (Time is in decaauts)
 A = Elapsed time spent in this place.
 B = Non-inter-level travel time spent in this place.
 C = Inter-level travel time spent in this place.
 D = Time resting spent in this place.
 E = Time spent auto-exploring this place.
 F = Levels seen in this place.
 G = Mean time per level.
                   A        B        C        D        E       F      G
               +--------+--------+--------+--------+--------+-----+--------+
         Total |   6025 |   5812 |    213 |      5 |   4893 |   8 |  753.1 |
       Dungeon |   6025 |   5812 |    213 |      5 |   4893 |   8 |  753.1 |
               +--------+--------+--------+--------+--------+-----+--------+

Top non-repeatable levels by time:
     D:6: 1007 daAuts
     D:4: 1001 daAuts
     D:7: 887 daAuts
     D:2: 811 daAuts
     D:5: 790 daAuts
     D:3: 764 daAuts
     D:1: 636 daAuts
     D:8: 126 daAuts
